 Dungeon Crawl Stone Soup version 0.27.1 (webtiles) character file.

Game seed: 3743094280541503872

11 Mesmaeker13 the Caller (level 2, -2/19 HPs)
             Began as a Demonspawn Summoner on Aug 29, 2021.
             Slain by an adder (3 damage)
             ... on level 2 of the Dungeon.
             The game lasted 00:01:19 (1590 turns).

Mesmaeker13 the Caller (Demonspawn Summoner)        Turns: 1590, Time: 00:01:20

Health: -2/19      AC:  2    Str:  8    XL:     2   Next: 13%
Magic:  2/5        EV: 12    Int: 16    God:
Gold:   31         SH:  0    Dex: 13    Spells: 4/5 levels left

rFire    . . .     SeeInvis .   d - +0 spear
rCold    . . .     Faith    .   (no shield)
rNeg     . . .     Spirit   .   a - +0 robe
rPois    .         Reflect  .   (no helmet)
rElec    .         Harm     .   (no cloak)
rCorr    .         Rampage  .   (no gloves)
Will     .....                  (no boots)
Stlth    ++........             (no amulet)
HPRegen  0.06/turn              (no ring)
MPRegen  0.09/turn              (no ring)

@: no status effects
A: hooves 1
a: no special abilities


You were on level 2 of the Dungeon.
You visited 1 branch of the dungeon, and saw 2 of its levels.

You collected 31 gold pieces.

Inventory:

Hand Weapons
 d - a +0 spear (weapon)
Missiles
 c - 17 poisoned darts (quivered)
Armour
 a - a +0 robe (worn)
 e - a +0 leather armour
Potions
 b - a potion of resistance {unknown}


   Skills:
 + Level 2.1 Dodging
 - Level 1.7 Stealth
 + Level 2.2 Spellcasting
 + Level 4.1 Summonings


You had 4 spell levels left.
You knew the following spells:

 Your Spells              Type           Power      Damage    Failure   Level
a - Summon Small Mammal   Summ           60%        N/A       3%          1

Your spell library contained the following spells:

 Spells                   Type           Power      Damage    Failure   Level
 Call Imp                 Summ           15%        N/A       5%          2
 Call Canine Familiar     Summ           15%        N/A       11%         3
 Summon Guardian Golem    Hex/Summ       8%         N/A       26%         3
 Summon Lightning Spire   Summ/Air       8%         N/A       65%         4


Dungeon Overview and Level Annotations

Branches:
Dungeon (2/15)

Altars:


Innate Abilities, Weirdness & Mutations

You have large cloven feet.


Message History

Unknown command.
Throw: 22 darts (poison)
Press: ? - help, Q - select action, (/) - cycle Shift-Dir - straight line, f/p - adder
Aim: an adder (heavily wounded, ally target, 35% to hit)
Really fire in your bat's direction?
You throw a poisoned dart.
The poisoned dart barely misses the adder.
The poisoned dart hits your bat.
Your bat is poisoned.
Your bat disappears in a puff of smoke!
The adder closely misses you.
Your rat closely misses the adder.
Unknown command.
Throw: 21 darts (poison)
Press: ? - help, Q - select action, (/) - cycle Shift-Dir - straight line, f/p - adder
Aim: an adder (black smoke, heavily wounded, ally target, 35% to hit)
You throw a poisoned dart.
The poisoned dart closely misses the adder.
The adder closely misses you.
Your rat closely misses the adder.
Throw: 20 darts (poison)
Press: ? - help, Q - select action, (/) - cycle Shift-Dir - straight line, f/p - adder
Aim: an adder (black smoke, heavily wounded, ally target, 35% to hit)
You throw a poisoned dart. The poisoned dart hits the adder.
The adder is heavily wounded.
The adder misses you.
Your rat misses the adder.
Throw: 19 darts (poison)
Press: ? - help, Q - select action, (/) - cycle Shift-Dir - straight line, f/p - adder
Aim: an adder (heavily wounded, ally target, 35% to hit)
You throw a poisoned dart. The poisoned dart hits the adder.
The adder is heavily wounded.
The adder bites you.
* * * LOW HITPOINT WARNING * * *
Your rat barely misses the adder.
The adder bites you.
* * * LOW HITPOINT WARNING * * *
Throw: 18 darts (poison)
Press: ? - help, Q - select action, (/) - cycle Shift-Dir - straight line, f/p - adder
Aim: an adder (heavily wounded, ally target, 35% to hit)
You throw a poisoned dart. The poisoned dart hits the adder.
The adder is heavily wounded.
The adder bites you.
You die...

#.# .. #.# ..# #
#.##.(#.#
......... #.
#.#...##.
#.###........
#.#..(.......
#.##Sr#......
#####.#@#.#.#..#.
...(...........#
#####.#..........
#...<.......##.
#.#.#.#.#.....
#.#.......####. #
###.#.### #.#.#
#.#.#


You could see an adder (ally target) and a friendly rat (summoned).

Vanquished Creatures
  An endoplasm (D:1)
  A goblin (D:1)
  A hobgoblin (D:1)
  2 ball pythons (D:1)
  A bat (D:1)
  A kobold (D:1)
7 creatures vanquished.

Vanquished Creatures (collateral kills)
  2 ball pythons (D:1)
  A goblin (D:1)
  A kobold (D:1)
  2 rats (D:1)
6 creatures vanquished.

Grand Total: 13 creatures vanquished

Notes
Turn   | Place    | Note
-------+----------+-------------------------------------------
     0 | D:1      | Mesmaeker13 the Demonspawn Summoner began the quest for the
                  | Orb.
     0 | D:1      | Reached XP level 1. HP: 13/13 MP: 3/3
   423 | D:1      | Found a faded altar of an unknown god.
  1054 | D:1      | Gained mutation: You have large cloven feet. [demonic
                  | ancestry]
  1054 | D:1      | Reached XP level 2. HP: 17/19 MP: 5/5
  1590 | D:2      | Slain by an adder

Illustrated notes

Levels and vault maps discovered:
D:1:      co_arrival_random_square_maze, layout_basic,
          ebering_ecumenical_altar_hall, hex_medium, minivault_24
D:2:      layout_basic

Skill      XL: |  1 |
---------------+----+-----
Dodging        | 2 |  2.1
Stealth        | |  1.7
Spellcasting   | |  2.2
Summonings     | |  4.1

Action                   || total
-------------------------++-------
Melee: Spear             ||    40
       Unarmed           ||     9
       Kick              ||     1
Throw: Dart              ||     8
 Cast: Summon Small Mamm ||    14
Armor: Robe              ||    10
Dodge: Dodged            ||    46
